 Dungeon Crawl Stone Soup version 0.28.0-53-g5a82cb258f (webtiles) character file.

Game seed: 9000701857315223242

5 Sin92 the Magician (level 1, -1/13 HPs)
             Began as a Demonspawn Hedge Wizard on July 14, 2022.
             Slain by a goblin
             ... wielding a +0 dagger
              (2 damage)
             ... on level 1 of the Dungeon.
             The game lasted 00:00:36 (213 turns).

Sin92 the Magician (Demonspawn Hedge Wizard)         Turns: 213, Time: 00:00:37

Health: -1/13      AC:  2    Str: 10    XL:     1   Next: 66%
Magic:  3/4        EV: 12    Int: 15    God:
Gold:   0          SH:  0    Dex: 12    Spells: 5/6 levels left

rFire   . . .      SeeInvis .   a - +0 dagger
rCold   . . .      Faith    .   (no shield)
rNeg    . . .      Spirit   .   b - +0 robe
rPois   .          Reflect  .   c - +0 hat
rElec   .          Harm     .   (no cloak)
rCorr   .          Rampage  .   (no gloves)
Will    .....                   (no boots)
Stlth   ++........              (no amulet)
HPRegen 0.04/turn               (no ring)
MPRegen 0.09/turn               (no ring)

@: no status effects
A: no striking features
a: no special abilities


You were on level 1 of the Dungeon.
You visited 1 branch of the dungeon, and saw 1 of its levels.

Inventory:

Hand Weapons
 a - a +0 dagger (weapon)
Armour
 b - a +0 robe (worn)
 c - a +0 hat (worn)
Potions
 d - a potion of curing {unknown}


   Skills:
 + Level 0.2 Fighting
 + Level 0.2 Short Blades
 + Level 1.9 Dodging
 + Level 1.8 Stealth
 + Level 3.0 Spellcasting
 + Level 1.1 Conjurations
 - Level 1.0 Summonings
 - Level 0.8 Translocations


You had 5 spell levels left.
You knew the following spells:

 Your Spells              Type           Power      Damage    Failure   Level
a - Magic Dart            Conj           20%        1d4       13%         1

Your spell library contained the following spells:

 Spells                   Type           Power      Damage    Failure   Level
 Slow                     Hex            8%         N/A       21%         1
 Call Imp                 Summ           5%         N/A       21%         2
 Blink                    Tloc           8%         N/A       22%         2
 Conjure Flame            Conj/Fire      4%         6-21      43%         3
 Mephitic Cloud           Conj/Pois/Air  3%         N/A       45%         3


Dungeon Overview and Level Annotations

Branches:
Dungeon (1/15)

Altars:


Message History

The endoplasm is heavily wounded.
The endoplasm freezes you.
You are frozen.
There are monsters nearby!
You completely miss the endoplasm.
The endoplasm is heavily wounded.
The endoplasm hits you.
There are monsters nearby!
You hit the endoplasm. You punch the endoplasm.
You kill the endoplasm!
There are monsters nearby!
There are monsters nearby!
You barely miss the goblin. The goblin hits you with a +0 dagger.
There are monsters nearby!
You are too injured to fight recklessly!
You are too injured to fight recklessly!
You are too injured to fight recklessly!
There are monsters nearby!
Unknown command.
There are monsters nearby!
You are too injured to fight recklessly!
You are too injured to fight recklessly!
There are monsters nearby!
You are too injured to fight recklessly!
There are monsters nearby!
Unknown command.
You are too injured to fight recklessly!
You closely miss the goblin. The goblin closely misses you.
You hit the goblin.
The goblin is moderately wounded.
The goblin hits you with a +0 dagger.
* * * LOW HITPOINT WARNING * * *
There are no items here.
Aiming: Magic Dart (safe; 13% risk of failure)
Press: ? - help, Q - select action Shift-Dir - straight line, f - goblin
Aim: a goblin, wielding a +0 dagger (moderately wounded, 100% to hit)
The magic dart hits the goblin.
The goblin is severely wounded.
The goblin hits you with a +0 dagger.
You die...

≈≈≈≈≈≈≈≈≈≈≈≈≈≈≈≈....'(.
≈≈≈≈≈≈≈≈≈≈≈≈≈≈≈≈....#..
.≈≈≈≈≈≈≈≈≈≈≈≈≈≈≈≈....##.
.≈≈≈≈≈≈≈≈≈≈≈≈≈≈≈≈≈....##
...≈≈≈≈≈≈≈≈≈≈≈≈≈≈≈....≈≈
#)....≈≈≈≈≈≈≈≈≈≈≈.....≈≈
#.........≈≈≈≈.........≈
#.....##....†...........
#....Jg@.........##.##.#
#.....###.!.....###....#
#$.._ #.........#####..
.... #......?..# ## ...
#.........# ..
#.......?.# .
#.........# ##.......##
##.....##


You could see an endoplasm and a goblin.

Vanquished Creatures
  A dart slug (D:1)
  An endoplasm (D:1)
  A hobgoblin (D:1)
3 creatures vanquished.

Notes
Turn   | Place    | Note
-------+----------+-------------------------------------------
     0 | D:1      | Sin92 the Demonspawn Hedge Wizard began the quest for the
                  | Orb.
     0 | D:1      | Reached XP level 1. HP: 13/13 MP: 4/4
   203 | D:1      | Found a faded altar of an unknown god.
   213 | D:1      | Slain by a goblin

Illustrated notes

Levels and vault maps discovered:
D:1:      minmay_arrival_shoal_huts, layout_rooms, basic_ecumenical_altar

Action                   || total
-------------------------++-------
Melee: Dagger            ||    21
       Punch             ||     1
 Cast: Magic Dart        ||     2
Armor: Robe              ||     1
Dodge: Dodged            ||     7
